 Dungeon Crawl Stone Soup version 0.28-a0-48-gfd831c5874 (webtiles) character file.

Game seed: 15973877344023250427

102 bande the Skirmisher (level 4, -1/29 HPs)
             Began as a Gargoyle Fighter on July 30, 2021.
             Slain by a hobgoblin (4 damage)
             ... led by Robin
             ... on level 2 of the Dungeon.
             The game lasted 00:04:22 (1159 turns).

bande the Skirmisher (Gargoyle Fighter)             Turns: 1159, Time: 00:04:22

Health: -1/29      AC: 10    Str: 20    XL:     4   Next: 77%
Magic:  4/4        EV:  7    Int:  8    God:
Gold:   107        SH:  9    Dex: 10    Spells: 3/3 levels left

rFire   . . .      SeeInvis .   a - +0 war axe
rCold   . . .      Faith    .   c - +0 kite shield
rNeg    + . .      Spirit   .   b - +0 scale mail
rPois   ∞          Reflect  .   (no helmet)
rElec   +          Harm     .   (no cloak)
rCorr   .          Rampage  .   (no gloves)
Will    .....                   (no boots)
Stlth   ..........              (no amulet)
HPRegen 0.09/turn               (no ring)
MPRegen 0.09/turn               (no ring)

@: no status effects
A: sickness immunity, AC +3, negative energy resistance 1, electricity
resistance, torment resistance 1, petrification resistance
a: no special abilities


You were on level 2 of the Dungeon.
You visited 1 branch of the dungeon, and saw 2 of its levels.

You collected 107 gold pieces.

Inventory:

Hand Weapons
 a - a +0 war axe (weapon)
Armour
 b - a +0 scale mail (worn)
 c - a +0 kite shield (worn)
Wands
 h - a wand of acid (1)
Potions
 d - a potion of might
 e - 2 potions of berserk rage
 f - a potion of cancellation {unknown}
 g - a potion of brilliance
 i - a potion of flight
 j - a potion of curing {unknown}
 k - 2 potions of invisibility {unknown}


   Skills:
 + Level 3.8 Fighting
 + Level 2.9 Axes
 + Level 3.7 Armour
 + Level 0.8 Dodging
 + Level 3.6 Shields
 * Level 1.0 Evocations


You had 3 spell levels left.
You didn't know any spells.
Your spell library was empty.

Dungeon Overview and Level Annotations

Branches:
Dungeon (2/15)

Altars:


Innate Abilities, Weirdness & Mutations

You are immune to sickness and miasma.
Your stone body is resilient. (AC +3)
You are immune to poison.
You resist negative energy. (rN+)
You are resistant to electric shocks. (rElec)
You are resistant to unholy torment.
You are immune to petrification.


Message History

You closely miss Robin.
Robin is almost dead.
You hit the goblin.
You kill the goblin!
The hobgoblin no longer looks unusually strong.
Robin's horned helmet rattles.
You block Robin's attack.
Robin roars a battlecry!
The hobgoblin goes into a battle-frenzy!
You closely miss Robin.
Robin is almost dead.
You block Robin's attack.
Your shield and scale mail prevent you from hitting Robin.
Robin is almost dead.
Robin hits you but does no damage. x2
Your shield and scale mail prevent you from hitting Robin.
Robin is severely wounded.
Robin points. "Kill!"
Robin hits you but does no damage.
You barely miss Robin.
Robin is severely wounded.
You block Robin's attack. Robin hits you with a +0 whip.
* * * LOW HITPOINT WARNING * * *
You slash Robin!
You kill Robin!
The hobgoblin hits you but does no damage.
Your Evocations skill increases to level 1!
You hit the hobgoblin.
The hobgoblin is almost dead.
You block the hobgoblin's attack.
You barely miss the hobgoblin.
The hobgoblin is almost dead.
The hobgoblin hits you but does no damage.
The hobgoblin barely misses you.
You closely miss the hobgoblin.
The hobgoblin is almost dead.
The hobgoblin no longer looks unusually strong.
The hobgoblin hits you but does no damage.
The hobgoblin hits you.
You die...

#.#.# #.##.# ##.#
#.#.# ###.##.####...
#.#.#####............#
#..g.............†...#
#)..#####.####.####..#
#..............# #...
#...#####.####.# #...
#...#####.####.# #...
#...g@))..†.#### #.##
#...#####.### #.#
#...#####.# #.#
#.........# #.
#..######.# #. ####
###


You could see a hobgoblin.

Vanquished Creatures
  Natasha (D:2)
  Robin (D:2)
  An adder (D:2)
  2 dart slugs (D:1)
  2 ball pythons (D:1)
  4 endoplasms (D:1)
  A giant cockroach (D:1)
  2 hobgoblins (D:2)
  6 jackals (D:1)
  7 kobolds
  3 bats (D:1)
  6 frilled lizards
  12 goblins
  2 rats
50 creatures vanquished.

Notes
Turn   | Place    | Note
-------+----------+-------------------------------------------
     0 | D:1      | bande the Gargoyle Fighter began the quest for the Orb.
     0 | D:1      | Reached XP level 1. HP: 14/14 MP: 1/1
   123 | D:1      | Reached XP level 2. HP: 19/19 MP: 2/2
   211 | D:1      | Reached XP level 3. HP: 24/24 MP: 3/3
   552 | D:1      | Found a faded altar of an unknown god.
  1056 | D:2      | Noticed Natasha
  1060 | D:2      | Killed Natasha
  1061 | D:2      | Reached XP level 4. HP: 29/29 MP: 4/4
  1116 | D:2      | Noticed Robin
  1156 | D:2      | Killed Robin
  1157 | D:2      | Reached skill level 1 in Evocations
  1159 | D:2      | Slain by a hobgoblin

Illustrated notes

Levels and vault maps discovered:
D:1:      lightli_arrival_lavapool, layout_basic,
          hellmonk_ecumenical_altar_pennies_from_heaven, minmay_bisected
D:2:      layout_basic, uniq_natasha, uniq_robin

Skill      XL: |  1  2  3  4 |
---------------+-------------+-----
Axes           | 2 |  2.9
Evocations     | 1 |  1.0
Fighting       | |  3.8
Armour         | |  3.7
Dodging        | |  0.8
Shields        | |  3.6

Action                   |  1- 3 |  4- 6 || total
-------------------------+-------+-------++-------
Melee: War axe           |    94 |    45 ||   139
  Use: Scroll            |     4 |       ||     4
Armor: Scale mail        |    70 |    32 ||   102
Dodge: Dodged            |    34 |    13 ||    47
Block: Kite shield       |    65 |    30 ||    95

Table legend: (Time is in decaauts)
 A = Elapsed time spent in this place.
 B = Non-inter-level travel time spent in this place.
 C = Inter-level travel time spent in this place.
 D = Time resting spent in this place.
 E = Time spent auto-exploring this place.
 F = Levels seen in this place.
 G = Mean time per level.
                   A        B        C        D        E       F      G
               +--------+--------+--------+--------+--------+-----+--------+
         Total |   1252 |   1252 |      0 |      0 |    886 |   2 |  626.0 |
       Dungeon |   1252 |   1252 |      0 |      0 |    886 |   2 |  626.0 |
               +--------+--------+--------+--------+--------+-----+--------+

Top non-repeatable levels by time:
     D:1: 849 daAuts
     D:2: 403 daAuts
